 Dungeon Sprint DCSS version 0.29-a0-993-g4a18f31a58 (webtiles) character file.

Game seed: 1831062061938521802

1589 Hubris850 the Summoner (level 8, -3/52 HPs)
             Began as a Merfolk Summoner on Aug 2, 2022.
             Was a High Priest of Sif Muna.
             Slain by a demonic crawler (13 damage)
             ... in the Dungeon (Sprint VII: "The Pits").
             The game lasted 00:08:40 (1058 turns).

Hubris850 the Summoner (Merfolk Summoner)           Turns: 1058, Time: 00:08:40

Health: -3/52      AC:  2    Str:  9    XL:     8   Next: 92%
Magic:  6/23       EV: 17    Int: 16    God:    Sif Muna [*****.]
Gold:   0          SH:  0    Dex: 17    Spells: 12/29 levels left

rFire   . . .      SeeInvis .   m - +2 trident (vorpal)
rCold   . . .      Faith    .   (no shield)
rNeg    . . .      Spirit   .   a - +0 robe
rPois   .          Reflect  .   (no helmet)
rElec   .          Harm     .   (no cloak)
rCorr   .          Rampage  .   (no gloves)
Will    .....      NoTele   +   (no boots)
Stlth   ++........              (no amulet)
HPRegen 0.17/turn               n - +3 ring of evasion
MPRegen 0.18/turn               o - +3 ring of dexterity

@: no status effects
A: (nimble swimmer 2), mertail
a: Renounce Religion, Channel Magic, Forget Spell, Divine Exegesis


You were in the Dungeon.
You worshipped Sif Muna.
Sif Muna was extremely pleased with you.
You visited 1 branch

Inventory:

Hand Weapons
 h - a +2 trident
 l - a +0 long sword of flaming
 m - a +2 vorpal trident (weapon)
 r - a +2 scimitar of flaming
Armour
 a - a +0 robe (worn)
 s - a +5 ring mail
Jewellery
 n - a +3 ring of evasion (left hand)
 o - a +3 ring of dexterity (right hand)
Scrolls
 g - a scroll of blinking
 j - 5 scrolls of amnesia
 k - a scroll of summoning
Potions
 b - 5 potions of magic
 c - 5 potions of curing
 d - 5 potions of heal wounds
 e - 2 potions of haste
 f - 4 potions of berserk rage
 i - 2 potions of invisibility
 p - 3 potions of might
 q - a potion of mutation


   Skills:
 - Level 4.0 Polearms
 - Level 4.0 Dodging
 - Level 2.1 Stealth
 - Level 11.1 Spellcasting
 + Level 3.4 Conjurations
 + Level 4.2 Hexes
 + Level 13.2 Summonings
 + Level 3.4 Air Magic


You had 12 spell levels left.
You knew the following spells:

 Your Spells              Type           Power      Damage    Failure   Level
a - Summon Small Mammal   Summ           100%       N/A       1%          1
b - Call Imp              Summ           51%        N/A       1%          2
c - Call Canine Familiar  Summ           51%        N/A       1%          3
d - Summon Guardian Gole  Hex/Summ       36%        N/A       1%          3
e - Summon Lightning Spi  Summ/Air       35%        N/A       2%          4
f - Fulminant Prism       Conj/Hex       10%        3d9       17%         4

Your spell library contained the following spells:

 Spells                   Type           Power      Damage    Failure   Level
 Hailstorm                Conj/Ice       14%        3d5       36%         4
 Irradiate                Conj/Tmut      7%         3d14      73%         5


Dungeon Overview and Level Annotations

Branches:
Dungeon (1/1)

Altars:
Ashenzari
Cheibriados
Dithmenos
Elyvilon
Fedhas
Gozag
Hepliaklqana
Kikubaaqudgha
Makhleb
Nemelex Xobeh
Okawaru
Qazlal
Ru
Sif Muna
Trog
Uskayaw
Vehumet
Wu Jian
Xom
Yredelemnul
Zin
The Shining One
Jiyva
Lugonu


Innate Abilities, Weirdness & Mutations

((You are very nimble when in or above water. (Stealth+, EV+, Speed+++)))
Your lower body shifts to a powerful aquatic tail in water.


Message History

Casting: Summon Guardian Golem (safe; 1% risk of failure)
Confirm with . or Enter, or press ? or * to list all spells.
Something hits your crimson imp! Something hits your crimson imp.
Your crimson imp dies!
Your crimson imp disappears in a puff of smoke!
The demonic crawler is engulfed in blazing flames.
You swap places.
The demonic crawler is engulfed in blazing flames.
The demonic crawler closely misses your wolf.
The demonic crawler hits your wolf!
The demonic crawler closely misses your wolf.
Your wolf bites the demonic crawler but does no damage.
The demonic crawler is engulfed in blazing flames.
The demonic crawler shrieks in warning!
Your wolf bites the demonic crawler but does no damage.
The demonic crawler is engulfed in blazing flames.
The demonic crawler hits your wolf but does no damage.
The demonic crawler hits your wolf! The demonic crawler misses your wolf.
Your wolf bites the demonic crawler but does no damage.
Something misses your wolf.
Casting: Call Canine Familiar (safe; 1% risk of failure)
Confirm with . or Enter, or press ? or * to list all spells.
An electric hum fills the air.
Something barely misses your wolf.
Your wolf bites the demonic crawler.
The demonic crawler barely misses your wolf.
The demonic crawler hits your wolf.
Your wolf dies!
Your wolf's corpse disappears in a puff of smoke!
Something barely misses your lightning spire.
The demonic crawler is engulfed in blazing flames.
Casting: Summon Lightning Spire (dangerous; 2% risk of failure)
Confirm with . or Enter, or press ? or * to list all spells.
The demonic crawler misses you. The demonic crawler barely misses you.
The demonic crawler completely misses you.
Something hits your lightning spire but does no damage.
Something hits your lightning spire but does no damage.
The demonic crawler hits you!
* * * LOW HITPOINT WARNING * * *
The demonic crawler hits you!
You die...

######### _______.#
_______.#
_____...###########++######
#######'##.....h@..8......#
(.')))'.##......#s.#......#
#######.##.........§......+
.........'.........○......+
####'#####......#..#§○....#
[[#.....##................#
))#####'#####'#####''######
).#.....##.......##''#
).#.....##.......##...


You could see a demonic crawler (ally target), a friendly wolf (summoned) and a
friendly lightning spire (summoned).

Vanquished Creatures
  A floating eye (D)
  A scorpion (D)
  An orc (D)
  4 jackals (D)
  A ball python skeleton (D)
  A bat (D)
9 creatures vanquished.

Vanquished Creatures (collateral kills)
  A flayed ghost (D)
  An orange demon (D)
  A hound (D)
  2 iguanas (D)
  A mummy (D)
  A river rat (D)
  An adder zombie (D)
  An endoplasm (D)
  2 giant cockroaches (D)
  2 jackals (D)
  A kobold (D)
  A quokka (D)
  A ball python (D)
16 creatures vanquished.

Vanquished Creatures (others)
  A black mamba (D)
  A flying skull (D)
2 creatures vanquished.

Grand Total: 27 creatures vanquished

Notes
Turn   | Place    | Note
-------+----------+-------------------------------------------
     0 | D        | Hubris850 the Merfolk Summoner began the quest for the Orb.
     0 | D        | Reached XP level 1. HP: 13/13 MP: 3/3
    58 | D        | Found a bloodstained altar of Trog.
    58 | D        | Found a shimmering blue altar of Sif Muna.
    58 | D        | Found a viscous altar of Jiyva.
    58 | D        | Found a hazy altar of Hepliaklqana.
    58 | D        | Found an opulent altar of Gozag.
   326 | D        | Found a glowing golden altar of the Shining One.
   326 | D        | Found a glowing silver altar of Zin.
   326 | D        | Found a basalt altar of Yredelemnul.
   326 | D        | Found a shimmering altar of Xom.
   326 | D        | Found an ornate altar of the Wu Jian Council.
   326 | D        | Found a sacrificial altar of Ru.
   326 | D        | Found a stormy altar of Qazlal.
   326 | D        | Found an iron altar of Okawaru.
   326 | D        | Found a sparkling altar of Nemelex Xobeh.
   326 | D        | Found a burning altar of Makhleb.
   326 | D        | Found a blossoming altar of Fedhas.
   326 | D        | Found a white marble altar of Elyvilon.
   326 | D        | Found a shadowy altar of Dithmenos.
   326 | D        | Found a snail-covered altar of Cheibriados.
   327 | D        | Found a radiant altar of Vehumet.
   327 | D        | Found a corrupted altar of Lugonu.
   328 | D        | Found an ancient bone altar of Kikubaaqudgha.
   328 | D        | Found a hide-covered altar of Uskayaw.
   328 | D        | Found a broken altar of Ashenzari.
   329 | D        | Became a worshipper of Sif Muna the Loreminder
   336 | D        | Noticed a floating eye
   344 | D        | Reached skill level 1 in Polearms
   344 | D        | Reached XP level 2. HP: 17/19 MP: 6/6
   345 | D        | Reached * piety under Sif Muna
   349 | D        | Paralysed by a floating eye for 4 turns
   355 | D        | Killed a floating eye
   356 | D        | Reached skill level 5 in Spellcasting
   356 | D        | Reached skill level 7 in Summonings
   356 | D        | Reached XP level 3. HP: 17/24 MP: 7/10
   356 | D        | Reached XP level 4. HP: 22/30 MP: 7/11
   359 | D        | Learned a level 2 spell: Call Imp
   363 | D        | Learned a level 3 spell: Call Canine Familiar
   367 | D        | Learned a level 3 spell: Summon Guardian Golem
   440 | D        | Noticed a scorpion
   459 | D        | Killed a scorpion
   459 | D        | Reached ** piety under Sif Muna
   460 | D        | Reached skill level 8 in Summonings
   460 | D        | Reached XP level 5. HP: 35/35 MP: 9/14
   518 | D        | Reached *** piety under Sif Muna
   578 | D        | Learned a level 4 spell: Summon Lightning Spire
   603 | D        | Reached **** piety under Sif Muna
   606 | D        | Reached skill level 9 in Summonings
   606 | D        | Reached XP level 6. HP: 37/41 MP: 3/16
   616 | D        | Noticed a flying skull
   622 | D        | Killed a flying skull
   622 | D        | Reached ***** piety under Sif Muna
   623 | D        | Reached skill level 10 in Summonings
   703 | D        | Noticed a flayed ghost
   718 | D        | Killed a flayed ghost
   719 | D        | Reached skill level 12 in Summonings
   719 | D        | Reached XP level 7. HP: 34/46 MP: 17/21
   719 | D        | Reached XP level 8. HP: 39/52 MP: 18/23
   732 | D        | Received a gift from Sif Muna
   749 | D        | Got Sif Muna's Catalogue of Battling {god gift}
   755 | D        | Learned a level 4 spell: Fulminant Prism
   900 | D        | Noticed an orange demon
   900 | D        | Noticed a black mamba
   908 | D        | Killed a black mamba
   913 | D        | HP: 2/52 [poisoned by an orange demon]
   919 | D        | Killed an orange demon
   920 | D        | Reached skill level 13 in Summonings
  1036 | D        | Noticed a demonic crawler
  1058 | D        | Slain by a demonic crawler

Illustrated notes

Levels and vault maps discovered:
D:        pitsprint [storerooms_1, entrance_room_1, metal_vault_4, armoury_1,
          mini_pit_1, grid_room_1, main_hall_1, silver_pit, the_coven_1,
          the_vestibule_1, steel_vault_1, golden_pit, hallway_of_sentries,
          crystal_vault_1, iron_vault_4, final_vault]

Skill      XL: |  1  2  3  4  5  6  7  8 |
---------------+-------------------------+-----
Polearms       | 1 4 |  4.0
Dodging        | 3 4 |  4.0
Spellcasting   | 3 5 6 7 11 | 11.1
Summonings     | 7 8 9 12 13 | 13.2
Conjurations   | 3 |  3.4
Hexes          | 4 |  4.2
Air Magic      | 3 |  3.4
Stealth        | |  2.1

Action                   |  1- 3 |  4- 6 |  7- 9 || total
-------------------------+-------+-------+-------++-------
Melee: Unarmed           |     9 |       |       ||     9
       Trident           |    10 |     9 |     1 ||    20
       Punch             |     1 |       |       ||     1
 Cast: Summon Small Mamm |     3 |     2 |       ||     5
       Call Canine Famil |       |     4 |     5 ||     9
       Summon Guardian G |       |     4 |     4 ||     8
       Call Imp          |       |     1 |     2 ||     3
       Summon Lightning  |       |       |     2 ||     2
  Use: Potion            |       |       |     5 ||     5
 Stab: Sleeping          |     1 |       |       ||     1
Armor: Robe              |     3 |     1 |     1 ||     5
Dodge: Dodged            |    11 |    13 |    13 ||    37

Table legend: (Time is in decaauts)
 A = Elapsed time spent in this place.
 B = Non-inter-level travel time spent in this place.
 C = Inter-level travel time spent in this place.
 D = Time resting spent in this place.
 E = Time spent auto-exploring this place.
 F = Levels seen in this place.
 G = Mean time per level.
                   A        B        C        D        E       F      G
               +--------+--------+--------+--------+--------+-----+--------+
         Total |   1059 |   1059 |      0 |    566 |      0 |   1 | 1059.0 |
       Dungeon |   1059 |   1059 |      0 |    566 |      0 |   1 | 1059.0 |
               +--------+--------+--------+--------+--------+-----+--------+

Top non-repeatable levels by time:
       D: 1059 daAuts
